 Seeded DCSS version 0.28-a0-1567-g1695149f81 (webtiles) character file.

Game seed: 114 (custom seed)

395 knot the Chopper (level 6, 7/70 HPs)
             Began as a Demonspawn Berserker on Jan 19, 2022.
             Was a Follower of Trog.
             Quit the game on level 3 of the Dungeon.
             The game lasted 00:02:53 (3401 turns).

knot the Chopper (Demonspawn Berserker)             Turns: 3401, Time: 00:02:53

Health: 7/70       AC:  7    Str: 17    XL:     6   Next: 52%
Magic:  6/6        EV: 12    Int: 11    God:    Trog [*.....]
Gold:   117        SH:  0    Dex: 12    Spells: 5/5 levels left

rFire   . . .      SeeInvis .   a - +0 hand axe
rCold   . . .      Faith    .   (no shield)
rNeg    . . .      Spirit   .   b - +0 animal skin
rPois   .          Reflect  .   (helmet restricted)
rElec   .          Harm     .   l - +0 cloak
rCorr   .          Rampage  .   (no gloves)
Will    ++...                   (no boots)
Stlth   ..........              (no amulet)
HPRegen 1.21/turn               h - +4 ring of protection
MPRegen 0.10/turn               (no ring)

@: berserking (expiring), strong-willed (expiring), regenerating (expiring),
very quick
A: antennae 2, demonic magic 1
a: Renounce Religion, Berserk


You were on level 3 of the Dungeon.
You worshipped Trog.
Trog was aware of your devotion.
You visited 1 branch of the dungeon, and saw 3 of its levels.

You collected 117 gold pieces.

Inventory:

Hand Weapons
 a - a +0 hand axe (weapon)
Missiles
 g - 66 stones (quivered)
 p - 2 boomerangs
Armour
 b - a +0 animal skin (worn)
 l - a +0 cloak (worn)
Jewellery
 h - a +4 ring of protection (left hand)
Wands
 k - a wand of flame (17)
Scrolls
 c - a scroll of identify {unknown}
 d - 2 scrolls of fog {unknown}
 i - a scroll of teleportation {unknown}
 j - a scroll of blinking {unknown}
 m - a scroll of fear {unknown}
 n - a scroll of brand weapon {unknown}
 o - a scroll of immolation {unknown}
Potions
 e - a potion of degeneration {unknown}
 f - a potion of attraction {unknown}


   Skills:
 - Level 3.0 Fighting
 + Level 6.8 Axes
 - Level 1.7 Armour
 - Level 1.7 Dodging


You had 5 spell levels left.
You didn't know any spells.
Your spell library contained the following spells:

 Spells                   Type           Power      Damage    Failure   Level
 Foxfire                  Conj/Fire      0%         2x1d4     34%         1
 Freeze                   Ice            0%         1d3       34%         1
 Conjure Flame            Conj/Fire      0%         6-21      71%         3
 Frozen Ramparts          Ice            0%         1d2       71%         3
 Inner Flame              Hex/Fire       0%         N/A       71%         3
 Flame Wave               Conj/Fire      0%         2d4       98%         4
 Hailstorm                Conj/Ice       0%         3d3       98%         4


Dungeon Overview and Level Annotations

Branches:
Dungeon (3/15)

Altars:
Makhleb
Beogh


Innate Abilities, Weirdness & Mutations

You have a pair of antennae on your head.
Spells you cast may paralyse adjacent enemies.


Message History

The orc closely misses you.
You are too injured to fight recklessly!
You are too injured to fight recklessly!
You are too injured to fight recklessly!
You slash issech's ghost!
Issech's ghost is severely damaged.
You slash the orc!
You kill the orc!
Trog accepts your kill.
Issech's ghost says, "You can hit me, but you can't hurt me."
Issech's ghost hits you but does no damage.
You are electrocuted!
You slash issech's ghost!
Issech's ghost is severely damaged.
You slash the orc!
You kill the orc!
Trog accepts your kill.
You barely miss issech's ghost.
Issech's ghost is severely damaged.
You feel the effects of Trog's Hand fading.
Issech's ghost closely misses you.
You barely miss issech's ghost.
Issech's ghost is severely damaged.
Issech's ghost hits you!
* * * LOW HITPOINT WARNING * * *
You are electrocuted!
* * * LOW HITPOINT WARNING * * *
You closely miss issech's ghost.
Issech's ghost is severely damaged.
Unknown command.
You slash issech's ghost!
Issech's ghost is almost destroyed.
Issech's ghost barely misses you.
You slash issech's ghost!
You destroy issech's ghost!
Trog accepts your kill.
You have reached level 6!
Your demonic ancestry asserts itself...
A menacing aura infuses your magic.
Are you sure you want to abandon this character and quit the game? (Confirm with "yes".)

.....##...################.......
.....##...#8....[_[....8##.......
..÷.......#.............##.......
..........#.#8#..8..#8#.#........
##....)...#.###.....###.###+####.
##....÷...#....#####....# #.# #.
..........#.............###'####.
........#.######))'######.)))....
........#.8.....@)......8........
........#........................
....#####........................
.......##............>.##.......#
.......##................#.......
###....####..............#.......
#....# #......#.......#.......
#....# #......#.......#.......
#########......#.......#.......


There were no monsters in sight!

Vanquished Creatures
  The ghost of issech the Shield-Bearer, an amateur TrFi (D:3)
  2 orc priests (D:3)
  3 iron imps (D:3)
  3 adders
  13 orcs (D:3)
  6 bats
  8 endoplasms
  5 goblins
  2 hobgoblins
  2 kobolds (D:1)
  2 quokkas
  6 ball pythons
  6 frilled lizards
  4 rats
63 creatures vanquished.

Notes
Turn   | Place    | Note
-------+----------+-------------------------------------------
     0 | D:1      | knot the Demonspawn Berserker began the quest for the Orb.
     0 | D:1      | Reached XP level 1. HP: 18/18 MP: 1/1
    12 | D:1      | Found a faded altar of an unknown god.
   208 | D:1      | Reached skill level 3 in Axes
   472 | D:1      | Gained mutation: You have a pair of small antennae on your
                  | head. [demonic ancestry]
   472 | D:1      | Reached XP level 2. HP: 24/24 MP: 2/2
  1263 | D:2      | Reached XP level 3. HP: 29/29 MP: 3/3
  1529 | D:2      | Reached skill level 4 in Axes
  2091 | D:3      | Gained mutation: You have a pair of antennae on your head.
                  | [demonic ancestry]
  2091 | D:3      | Reached XP level 4. HP: 35/35 MP: 4/4
  2319 | D:3      | Found a runed translucent gate.
  2319 | D:3      | Found a runed translucent gate.
  2319 | D:3      | Found a runed translucent gate.
  2322 | D:3      | Noticed issech's ghost (amateur TrFi)
  2322 | D:3      | Identified the +10 dagger of Doom {elec, rF+ Int+3 SInv}
  2350 | D:3      | Reached ** piety under Trog
  2384 | D:3      | Reached skill level 5 in Axes
  2775 | D:3      | Reached XP level 5. HP: 26/41 MP: 5/5
  2966 | D:3      | Found a burning altar of Makhleb.
  3390 | D:3      | Reached skill level 6 in Axes
  3400 | D:3      | Killed issech's ghost
  3401 | D:3      | Gained mutation: Spells you cast may paralyse adjacent
                  | enemies. [demonic ancestry]
  3401 | D:3      | Reached XP level 6. HP: 7/47 MP: 6/6
  3401 | D:3      | Quit the game

Illustrated notes

Levels and vault maps discovered:
D:1:      beargit_arrival_greenhouse, layout_loops_cross,
          serial_co_window_serial, co_window_paths_a, co_window_paths_a,
          co_window_paths_b, co_window_of_opportunity_a, co_window_corner_a,
          co_window_corner_b, co_window_cross_3, co_window_corner_b,
          co_window_corner_b, glass_columns_a, glass_columns_b,
          ebering_ecumenical_altar_rust
D:2:      layout_loops_ring
D:3:      layout_basic, demons_altar, biasface_ghost_orc_armoury,
          amcnicky_mini_rare_corridor_liquid

Skill      XL: |  1  2  3  4  5 |
---------------+----------------+-----
Axes           | 3 4 5 6 |  6.8
Fighting       | |  3.0
Armour         | |  1.7
Dodging        | |  1.7

Action                   |  1- 3 |  4- 6 || total
-------------------------+-------+-------++-------
Melee: Hand axe          |    99 |   112 ||   211
       Punch             |     1 |     1 ||     2
Invok: Berserk           |     2 |     4 ||     6
       Trog's Hand       |       |     2 ||     2
 Stab: Sleeping          |     4 |       ||     4
Armor: Animal skin       |    39 |    36 ||    75
Dodge: Dodged            |    64 |    87 ||   151

Table legend: (Time is in decaauts)
 A = Elapsed time spent in this place.
 B = Non-inter-level travel time spent in this place.
 C = Inter-level travel time spent in this place.
 D = Time resting spent in this place.
 E = Time spent auto-exploring this place.
 F = Levels seen in this place.
 G = Mean time per level.
                   A        B        C        D        E       F      G
               +--------+--------+--------+--------+--------+-----+--------+
         Total |   3458 |   3380 |     78 |    892 |   2021 |   3 | 1152.7 |
       Dungeon |   3458 |   3380 |     78 |    892 |   2021 |   3 | 1152.7 |
               +--------+--------+--------+--------+--------+-----+--------+

Top non-repeatable levels by time:
     D:3: 1520 daAuts
     D:1: 1112 daAuts
     D:2: 826 daAuts
